 Dungeon Crawl Stone Soup version 0.20.0-14-g326068f (webtiles) character file.

74 sankara the Poker (level 4, -4/38 HPs)
             Began as a Merfolk Berserker on June 6, 2017.
             Was a Believer of Trog.
             Slain by Crazy Yiuf
             ... wielding a +4 quarterstaff of chaos
              (5 damage)
             ... on level 2 of the Dungeon on June 8, 2017.
             The game lasted 00:05:46 (1877 turns).

sankara the Poker (Merfolk Berserker)               Turns: 1877, Time: 00:05:47

Health: -4/38      AC:  2    Str: 17    XL:     4   Next: 28%
Magic:  4/4        EV: 13    Int:  6    God:    Trog [**....]
Gold:   109        SH:  0    Dex: 14    Spells: 3/3 levels left

rFire    . . .     SeeInvis .   a - +0 spear
rCold    . . .     Gourm    .   (no shield)
rNeg     . . .     Faith    .   b - +0 animal skin
rPois    .         Spirit   .   (no helmet)
rElec    .         Reflect  .   (no cloak)
rCorr    +         Harm     .   (no gloves)
MR       .....                  (no boots)
Stlth    ++........             (no amulet)
Regen    0.2/turn               d - ring of resist corrosion
MPRegen  0.1/turn               (no ring)

@: no status effects
A: change form in water, swift swim, stealthy swim
a: Berserk, Trog's Hand, Burn Spellbooks, Renounce Religion


You were on level 2 of the Dungeon.
You worshipped Trog.
Trog was pleased with you.
You were not hungry.

You visited 1 branch of the dungeon, and saw 2 of its levels.

You collected 109 gold pieces.

Inventory:

Hand Weapons
 a - a +0 spear (weapon)
Armour
 b - a +0 animal skin (worn)
 f - a +0 large shield
Jewellery
 d - a ring of resist corrosion (left hand)
Scrolls
 g - a scroll of remove curse {unknown}
 i - a scroll of enchant weapon {unknown}
 j - a scroll of teleportation {unknown}
 l - a scroll of identify {unknown}
 n - a scroll of fear {unknown}
 p - a scroll of random uselessness {unknown}
 q - a scroll of fog {unknown}
Potions
 e - 2 potions of heal wounds {unknown}
 h - 4 potions of curing {unknown}
 m - a potion of berserk rage {unknown}
 o - a potion of agility {unknown}
 s - a potion of haste {unknown}
Comestibles
 c - 2 bread rations
 k - 2 meat rations
 r - a chunk of flesh


   Skills:
 + Level 4.3 Fighting
 + Level 5.7 Polearms
 - Level 1.3 Armour
 + Level 2.8 Dodging
 + Level 0.5 Stealth
 * Level 0.8 Shields


You had 3 spell levels left.
You didn't know any spells.

Dungeon Overview and Level Annotations

Branches:
Dungeon (2/15)

Altars:
Xom
Zin

Annotations:
D:2 Crazy Yiuf


Message History

Crazy Yiuf hits you with a quarterstaff of chaos.
You hit Crazy Yiuf.
Crazy Yiuf is severely wounded.
Crazy Yiuf laughs, "Fluff verde poople!"
Crazy Yiuf hits you with a quarterstaff of chaos.
Crazy Yiuf burns you.
You hit Crazy Yiuf.
Crazy Yiuf is severely wounded.
You barely miss Crazy Yiuf.
Crazy Yiuf is severely wounded.
Crazy Yiuf yells, "Tonal!"
Crazy Yiuf hits you with a quarterstaff of chaos!
* * * LOW HITPOINT WARNING * * *
You are too injured to fight recklessly!
You hit Crazy Yiuf.
Crazy Yiuf is almost dead.
Crazy Yiuf hits you with a quarterstaff of chaos!
* * * LOW HITPOINT WARNING * * *
Crazy Yiuf freezes you.
You die...

#............).........'......
#.#...######.#.#.#####.#......
#.#...# #'#...# #.#......
#.#...# ####### #.#......
#.##### #.#####'# #.#
♣♣♣♣♣##.# ##.# #.##### ###
♣♣♣.♣.♣...####... #.....#
#...#♣..♣.P........... #.....#
#...g@♣♣♣♣PP....###..# #.....#
#)..#♣♣ ♣♣P...## #..# #.....#
### ♣♣#### #..# #.....# #..#
#.....# #..# #>....#####
##########..# ######....#
#.##....##... #....#
#####.##....###.# ###....#
#...........# #.#


You could see Crazy Yiuf.

Vanquished Creatures
  2 adders (D:2)
  2 oozes
  A dart slug (D:1)
  3 giant cockroaches
  5 goblins
  9 hobgoblins
  3 jackals (D:1)
  A ball python (D:1)
  9 bats
  3 frilled lizards
  2 kobolds
  3 rats
  A fungus (D:2)
44 creatures vanquished.

Notes
Turn   | Place    | Note
-------+----------+-------------------------------------------
     0 | D:1      | sankara the Merfolk Berserker began the quest for the Orb.
     0 | D:1      | Reached XP level 1. HP: 18/18 MP: 1/1
   112 | D:1      | Upgraded the game from 0.20.0-10-g0535bb4 to 0.20.0-14-g326068f
   142 | D:1      | Reached XP level 2. HP: 19/24 MP: 2/2
   156 | D:1      | Reached skill level 5 in Polearms
   428 | D:1      | Reached XP level 3. HP: 27/30 MP: 3/3
   585 | D:1      | Reached ** piety under Trog
  1318 | D:2      | Reached XP level 4. HP: 36/38 MP: 4/4
  1748 | D:2      | Found a shimmering altar of Xom.
  1784 | D:2      | Found a glowing silver altar of Zin.
  1862 | D:2      | Found a runed door.
  1866 | D:2      | Noticed Crazy Yiuf
  1877 | D:2      | HP: 1/38 [Crazy Yiuf/quarterstaff of chaos (10)]
  1877 | D:2      | Slain by Crazy Yiuf

Skill      XL: |  1  2  3 |
---------------+----------+-----
Polearms       | 5 |  5.7
Fighting       | 4 |  4.3
Armour         | |  1.3
Dodging        | |  2.8
Stealth        | |  0.5
Shields        | |  0.8

Action                   |  1- 3 |  4- 6 || total
-------------------------+-------+-------++-------
Melee: Spear             |   145 |    67 ||   212
  Eat: Chunk             |     1 |     2 ||     3
Armor: Animal skin       |    29 |     3 ||    32
Dodge: Dodged            |    87 |    14 ||   101
